| TOP OF THE 1ST |
|
University of Illinois Fighting Illini batting - Pitching for University of California Golden Bears : RHP Felix Carranza
|
|
Pitching: RHP Felix Carranza
|
|
|
Batting: RHB Nick Lombardo
|
0-0: Fly out, F9 (Flyball, 9LS, EV 88.1 MPH)
|
|
Batting: RHB Justin Teague
|
0-0: Called Strike 0-1: Foul Ball, location: 2F 0-2: Foul Ball, location: 2F 0-2: Ball 1-2: Foul Ball, location: 2F 1-2: Strikes out swinging, 2-3 out at first.
|
|
Batting: SHB Matt Urbani
|
0-0: Called Strike 0-1: Ball 1-1: Swinging Strike 1-2: Ball 2-2: Strikes out looking
|
| Top of the 1st over - 0 runs, 0 hits, 0 errors, 0 left on base; University of Illinois 0 - University of California 0 |
| BOTTOM OF THE 1ST |
|
University of California Golden Bears batting - Pitching for University of Illinois Fighting Illini : RHP Luis Stuit
|
|
Pitching: RHP Luis Stuit
|
|
|
Batting: RHB Timoleon Tsikouna
|
0-0: Foul Ball, location: 2F 0-1: Ball 1-1: Ball 2-1: Called Strike 2-2: Foul Ball, location: 2F 2-2: Strikes out looking
|
|
Batting: RHB Ryan Roberts
|
0-0: Ball 1-0: Ball 2-0: SINGLE (Flyball, 78S, EV 97.5 MPH)
|
|
Batting: RHB Tony Harper
|
0-0: Ball 1-0: Ball 2-0: Ball 3-0: Called Strike 3-1: SINGLE (Groundball, 6MD, EV 104.4 MPH) Ryan Roberts to second Runner from 2nd tries for 3rd, SAFE, throw by CF made to third
|
|
Batting: RHB Tommy Hunter
|
0-0: Ball 1-0: SINGLE (Line Drive, 6D, EV 104.4 MPH) Ryan Roberts scores Tony Harper to second
|
|
Batting: RHB Dan Myers
|
0-0: Ball 1-0: Fielders Choice at 2nd, 4-6 (Groundball, 34D, EV 87.5 MPH) Tony Harper to third
|
|
Batting: LHB Dean Luttman
|
0-0: Ball 1-0: Foul Ball, location: 2F 1-1: Ball 2-1: Foul Ball, location: 2F 2-2: Ball 3-2: Base on Balls Dan Myers to second
|
|
Pitching: RHP Lazaro Ramirez
|
|
|
Batting: RHB Gojko Golob
|
0-0: Ball 1-0: Called Strike 1-1: Fielders Choice at 2nd, 5-4 (Groundball, 56, EV 91.3 MPH)
|
| Bottom of the 1st over - 1 run, 3 hits, 0 errors, 3 left on base; University of Illinois 0 - University of California 1 |
| TOP OF THE 2ND |
|
University of Illinois Fighting Illini batting - Pitching for University of California Golden Bears : RHP Felix Carranza
|
|
Batting: SHB Ryan Buchbinder
|
0-0: Called Strike 0-1: Swinging Strike 0-2: Ball 1-2: Strikes out swinging
|
|
Batting: RHB Eric Brandenburg
|
0-0: Swinging Strike 0-1: Ball 1-1: Ball 2-1: Called Strike 2-2: DOUBLE (Groundball, 5L, EV 105.0 MPH)
|
|
Batting: RHB Vinny Torres
|
0-0: Called Strike 0-1: Ball 1-1: Swinging Strike 1-2: Ball 2-2: Foul Ball, location: 2F 2-2: Foul Ball, location: 2F 2-2: Strikes out looking
|
|
Batting: RHB Nick Delisle
|
0-0: Ball 1-0: SINGLE (Groundball, 34D, EV 101.9 MPH) Eric Brandenburg to third Runner from 3rd tries for Home, SAFE, throw by RF to home
|
|
Batting: RHB Raul Franco
|
0-0: Called Strike 0-1: Ball 1-1: Ball 2-1: Foul Ball, location: 2F 2-2: Ball 3-2: Strikes out looking
|
| Top of the 2nd over - 1 run, 2 hits, 0 errors, 1 left on base; University of Illinois 1 - University of California 1 |
| BOTTOM OF THE 2ND |
|
University of California Golden Bears batting - Pitching for University of Illinois Fighting Illini : RHP Lazaro Ramirez
|
|
Batting: SHB Javon Mitchell
|
0-0: Ground out 4-3 (Groundball, 34, EV 86.9 MPH)
|
|
Batting: RHB Rory Cobb
|
0-0: Foul Ball, location: 2F 0-1: Ball 1-1: Ball 2-1: Foul Ball, location: 2F 2-2: Foul Ball, location: 2F 2-2: SINGLE (Groundball, 34D, EV 100.6 MPH)
|
|
Batting: RHB Timoleon Tsikouna
|
0-0: Ball 1-0: Foul Ball, location: 2F 1-1: Ball 2-1: Ball 3-1: Base on Balls Rory Cobb to second
|
|
Batting: RHB Ryan Roberts
|
0-0: Ball 1-0: Ball 2-0: Ball 3-0: Called Strike 3-1: Base on Balls Rory Cobb to third Timoleon Tsikouna to second
|
|
Batting: RHB Tony Harper
|
0-0: Called Strike 0-1: Ball 1-1: Ball 2-1: Called Strike 2-2: Foul Ball, location: 2F 2-2: Ball 3-2: Foul Ball, location: 2F 3-2: Base on Balls Rory Cobb scores Timoleon Tsikouna to third Ryan Roberts to second
|
|
Pitching: RHP Kyle Storey
|
|
|
Batting: RHB Tommy Hunter
|
0-0: Ball 1-0: Ball 2-0: Reached on error, E7 (Flyball, 78M, EV 88.8 MPH) Timoleon Tsikouna scores Ryan Roberts to third Tony Harper to second
|
|
Batting: RHB Dan Myers
|
0-0: Ball 1-0: Foul Ball, location: 2F 1-1: Ball 2-1: Foul Ball, location: 2F 2-2: Foul Ball, location: 2F 2-2: Ball 3-2: Strikes out swinging
|
|
Batting: LHB Dean Luttman
|
0-0: Swinging Strike 0-1: Ball 1-1: Called Strike 1-2: Strikes out looking
|
| Bottom of the 2nd over - 2 runs, 1 hit, 1 error, 3 left on base; University of Illinois 1 - University of California 3 |
| TOP OF THE 3RD |
|
University of Illinois Fighting Illini batting - Pitching for University of California Golden Bears : RHP Felix Carranza
|
|
Batting: RHB Yankel Pensak
|
0-0: Ball 1-0: Ball 2-0: Ground out 6-3 (Groundball, 6MD, EV 103.1 MPH)
|
|
Batting: RHB Nick Lombardo
|
0-0: Called Strike 0-1: Fly out, F9 (Line Drive, 9LM, EV 109.4 MPH)
|
|
Batting: RHB Justin Teague
|
0-0: Fly out, F9 (Flyball, 9, EV 87.5 MPH)
|
| Top of the 3rd over - 0 runs, 0 hits, 0 errors, 0 left on base; University of Illinois 1 - University of California 3 |
| BOTTOM OF THE 3RD |
|
University of California Golden Bears batting - Pitching for University of Illinois Fighting Illini : RHP Kyle Storey
|
|
Batting: RHB Gojko Golob
|
0-0: Called Strike 0-1: Ball 1-1: Ball 2-1: Ball 3-1: Foul Ball, location: 2F 3-2: Ground out 6-3 (Groundball, 6, EV 80.6 MPH)
|
|
Batting: SHB Javon Mitchell
|
0-0: Called Strike 0-1: SINGLE (Groundball, 34D, EV 107.5 MPH)
|
|
Batting: RHB Rory Cobb
|
0-0: Ball 1-0: Ball 2-0: Called Strike 2-1: Ball Javon Mitchell steals 2nd base (no throw) 3-1: Base on Balls
|
|
Pitching: RHP Victor Cisneros
|
|
|
Batting: RHB Timoleon Tsikouna
|
0-0: Foul Ball, location: 2F 0-1: Swinging Strike 0-2: Ball 1-2: Strikes out swinging
|
|
Batting: RHB Ryan Roberts
|
0-0: Foul Ball, location: 2F 0-1: Swinging Strike 0-2: Strikes out swinging
|
| Bottom of the 3rd over - 0 runs, 1 hit, 0 errors, 2 left on base; University of Illinois 1 - University of California 3 |
| TOP OF THE 4TH |
|
University of Illinois Fighting Illini batting - Pitching for University of California Golden Bears : RHP Felix Carranza
|
|
Batting: SHB Matt Urbani
|
0-0: Called Strike 0-1: Ball 1-1: Ball 2-1: Foul Ball, location: 2F 2-2: Ball 3-2: Base on Balls
|
|
Batting: SHB Ryan Buchbinder
|
0-0: Foul Ball, location: 2F 0-1: Ball 1-1: Swinging Strike 1-2: 2-RUN HOME RUN (Flyball, 89XD, EV 109.4 MPH), Distance : 424 ft
|
|
Batting: RHB Eric Brandenburg
|
0-0: Ball 1-0: Foul Ball, location: 2F 1-1: Ball 2-1: Called Strike 2-2: Strikes out swinging
|
|
Batting: RHB Vinny Torres
|
0-0: Called Strike 0-1: Ball 1-1: Ball 2-1: Fly out, F9 (Flyball, 9, EV 83.1 MPH)
|
|
Batting: RHB Nick Delisle
|
0-0: Fly out, F4 (Flyball, 34D, EV 91.9 MPH)
|
| Top of the 4th over - 2 runs, 1 hit, 0 errors, 0 left on base; University of Illinois 3 - University of California 3 |
| BOTTOM OF THE 4TH |
|
University of California Golden Bears batting - Pitching for University of Illinois Fighting Illini : RHP Victor Cisneros
|
|
Batting: RHB Tony Harper
|
0-0: Ball 1-0: Swinging Strike 1-1: SINGLE (Groundball, 6S, EV 64.4 MPH) (infield hit)
|
|
Batting: RHB Tommy Hunter
|
0-0: Ball 1-0: Grounds into double play, 6-4-3 (Groundball, 6, EV 90.0 MPH)
|
|
Batting: RHB Dan Myers
|
0-0: Called Strike 0-1: Ball 1-1: Foul Ball, location: 2F 1-2: Ball 2-2: Foul Ball, location: 2F 2-2: Fly out, F8 (Flyball, 8RS, EV 91.9 MPH)
|
| Bottom of the 4th over - 0 runs, 1 hit, 0 errors, 0 left on base; University of Illinois 3 - University of California 3 |
| TOP OF THE 5TH |
|
University of Illinois Fighting Illini batting - Pitching for University of California Golden Bears : RHP Felix Carranza
|
|
Batting: RHB Raul Franco
|
0-0: Called Strike 0-1: Foul Ball, location: 2F 0-2: Foul Ball, location: 2F 0-2: Ball 1-2: Ball 2-2: Ball 3-2: Foul Ball, location: 2F 3-2: Base on Balls
|
|
Batting: RHB Yankel Pensak
|
0-0: Called Strike 0-1: Called Strike 0-2: Strikes out looking
|
|
Batting: RHB Nick Lombardo
|
0-0: Foul Ball, location: 2F 0-1: Ball 1-1: Ball 2-1: Ball 3-1: Called Strike 3-2: Ground out 3-1 (Groundball, 34S, EV 69.4 MPH) Raul Franco to second
|
|
Pitching: RHP Miguel Montelongo
|
|
|
Batting: RHB Justin Teague
|
0-0: Ball 1-0: Foul Ball, location: 2F 1-1: SINGLE (Line Drive, 4D, EV 108.1 MPH) Raul Franco to third
|
|
Batting: SHB Matt Urbani
|
0-0: Called Strike 0-1: Ball 1-1: Foul Ball, location: 2F 1-2: Strikes out swinging
|
| Top of the 5th over - 0 runs, 1 hit, 0 errors, 2 left on base; University of Illinois 3 - University of California 3 |
| BOTTOM OF THE 5TH |
|
University of California Golden Bears batting - Pitching for University of Illinois Fighting Illini : RHP Victor Cisneros
|
|
Batting: LHB Dean Luttman
|
0-0: Ball 1-0: Ball 2-0: Called Strike 2-1: Ball 3-1: Base on Balls
|
|
Batting: RHB Gojko Golob
|
0-0: Ball 1-0: Ball 2-0: Called Strike 2-1: SINGLE (Groundball, 4, EV 99.4 MPH) Dean Luttman to second
|
|
Batting: SHB Javon Mitchell
|
0-0: SINGLE (Line Drive, 9S, EV 93.1 MPH) Dean Luttman to third Gojko Golob to second Runner from 3rd tries for Home, SAFE, throw by RF to home
|
|
Batting: RHB Rory Cobb
|
0-0: Called Strike 0-1: Swinging Strike 0-2: Fly out, F9 (Flyball, 9S, EV 93.1 MPH)
|
|
Batting: RHB Timoleon Tsikouna
|
0-0: Foul Ball, location: 2F 0-1: Called Strike 0-2: Ball 1-2: Ball 2-2: Foul Ball, location: 2F 2-2: Fly out, F8 (Line Drive, 8LD, EV 86.3 MPH)
|
|
Batting: RHB Ryan Roberts
|
0-0: Fly out, F3 (Popup, 3S, EV 77.5 MPH)
|
| Bottom of the 5th over - 1 run, 2 hits, 0 errors, 2 left on base; University of Illinois 3 - University of California 4 |
| TOP OF THE 6TH |
|
University of Illinois Fighting Illini batting - Pitching for University of California Golden Bears : RHP Miguel Montelongo
|
|
Batting: SHB Ryan Buchbinder
|
0-0: Ball 1-0: Ball 2-0: Ball 3-0: Called Strike 3-1: Foul Ball, location: 2F 3-2: Foul Ball, location: 2F 3-2: Base on Balls
|
|
Batting: RHB Eric Brandenburg
|
0-0: Grounds into double play, 5-4-3 (Groundball, 56, EV 83.1 MPH)
|
|
Batting: RHB Vinny Torres
|
0-0: Ground out 6-3 (Groundball, 6, EV 102.5 MPH)
|
| Top of the 6th over - 0 runs, 0 hits, 0 errors, 0 left on base; University of Illinois 3 - University of California 4 |
| BOTTOM OF THE 6TH |
|
University of California Golden Bears batting - Pitching for University of Illinois Fighting Illini : RHP Victor Cisneros
|
|
Batting: RHB Tony Harper
|
0-0: Ball 1-0: Ball 2-0: Fly out, F9 (Flyball, 89S, EV 91.9 MPH)
|
|
Batting: RHB Tommy Hunter
|
0-0: Fly out, F7 (Flyball, 7D, EV 96.9 MPH)
|
|
Pitching: LHP Richard Davies
|
|
|
Batting: RHB Dan Myers
|
0-0: Ball 1-0: Ball 2-0: Called Strike 2-1: Ball 3-1: DOUBLE (Line Drive, 8RXD, EV 100.0 MPH)
|
|
Batting: LHB Dean Luttman
|
0-0: Swinging Strike 0-1: Ground out 6-3 (Groundball, 6, EV 79.4 MPH)
|
| Bottom of the 6th over - 0 runs, 1 hit, 0 errors, 1 left on base; University of Illinois 3 - University of California 4 |
| TOP OF THE 7TH |
|
University of Illinois Fighting Illini batting - Pitching for University of California Golden Bears : RHP Miguel Montelongo
|
|
Batting: RHB Nick Delisle
|
0-0: Ball 1-0: Called Strike 1-1: Foul Ball, location: 2F 1-2: Foul Ball, location: 2F 1-2: Strikes out swinging
|
|
Pinch Hitting: RHB Jose Tovar
|
0-0: Fly out, F7 (Line Drive, 7D, EV 92.5 MPH)
|
|
Pinch Hitting: RHB Tim Jobe
|
0-0: Fly out, F4 (Popup, 34S, EV 77.5 MPH)
|
| Top of the 7th over - 0 runs, 0 hits, 0 errors, 0 left on base; University of Illinois 3 - University of California 4 |
| BOTTOM OF THE 7TH |
|
University of California Golden Bears batting - Pitching for University of Illinois Fighting Illini : LHP Richard Davies
|
|
Now at 2B: George Roben
|
|
|
Now at SS: Tim Jobe
|
|
|
Batting: RHB Gojko Golob
|
0-0: Ball 1-0: Ball 2-0: Ball 3-0: Called Strike 3-1: Ground out 6-3 (Groundball, 6S, EV 85.6 MPH)
|
|
Batting: SHB Javon Mitchell
|
0-0: Ball 1-0: Called Strike 1-1: Ball 2-1: Called Strike 2-2: Ball 3-2: Base on Balls
|
|
Batting: RHB Rory Cobb
|
0-0: SINGLE (Groundball, 4S, EV 68.8 MPH) (infield hit) Javon Mitchell to second
|
|
Batting: RHB Timoleon Tsikouna
|
0-0: Ball 1-0: Foul Ball, location: 2F 1-1: Called Strike 1-2: Ball 2-2: Strikes out swinging
|
|
Pitching: RHP Dave Meyer
|
|
|
Batting: RHB Ryan Roberts
|
0-0: Called Strike 0-1: SINGLE (Groundball, 5L, EV 98.8 MPH) Javon Mitchell to third Rory Cobb to second Runner from 3rd tries for Home, throw by LF and OUT! 7-2
|
| Bottom of the 7th over - 0 runs, 2 hits, 0 errors, 2 left on base; University of Illinois 3 - University of California 4 |
| TOP OF THE 8TH |
|
University of Illinois Fighting Illini batting - Pitching for University of California Golden Bears : RHP Miguel Montelongo
|
|
Batting: RHB Nick Lombardo
|
0-0: SINGLE (Flyball, 8RS, EV 97.5 MPH)
|
|
Pitching: RHP Nick Hodge
|
|
|
Batting: RHB Justin Teague
|
0-0: Ball 1-0: Called Strike 1-1: Ball 2-1: Called Strike 2-2: Strikes out swinging
|
|
Batting: SHB Matt Urbani
|
0-0: Ball 1-0: Foul Ball, location: 2F 1-1: Foul Ball, location: 2F 1-2: Strikes out swinging
|
|
Batting: SHB Ryan Buchbinder
|
0-0: Called Strike 0-1: Foul Ball, location: 2F 0-2: Strikes out swinging
|
| Top of the 8th over - 0 runs, 1 hit, 0 errors, 1 left on base; University of Illinois 3 - University of California 4 |
| BOTTOM OF THE 8TH |
|
University of California Golden Bears batting - Pitching for University of Illinois Fighting Illini : RHP Dave Meyer
|
|
Batting: RHB Tony Harper
|
0-0: Ball 1-0: Called Strike 1-1: Swinging Strike 1-2: Strikes out swinging
|
|
Batting: RHB Tommy Hunter
|
0-0: Swinging Strike 0-1: Ground out 5-3 (Groundball, 56, EV 91.3 MPH)
|
|
Batting: RHB Dan Myers
|
0-0: Ball 1-0: Called Strike 1-1: Ball 2-1: Foul Ball, location: 2F 2-2: Ball 3-2: Base on Balls
|
|
Batting: LHB Dean Luttman
|
0-0: Called Strike 0-1: Foul Ball, location: 2F 0-2: Foul Ball, location: 2F 0-2: Ball 1-2: Ball 2-2: Strikes out swinging
|
| Bottom of the 8th over - 0 runs, 0 hits, 0 errors, 1 left on base; University of Illinois 3 - University of California 4 |
| TOP OF THE 9TH |
|
University of Illinois Fighting Illini batting - Pitching for University of California Golden Bears : RHP Nick Hodge
|
|
Pitching: LHP Cezar Serafim
|
|
|
Batting: RHB Eric Brandenburg
|
0-0: Called Strike 0-1: Ball 1-1: Fly out, F3 (Line Drive, 3, EV 66.9 MPH)
|
|
Batting: RHB Vinny Torres
|
0-0: Called Strike 0-1: Fly out, F9 (Flyball, 9, EV 85.0 MPH)
|
|
Batting: RHB Nick Delisle
|
0-0: Called Strike 0-1: Fly out, F8 (Flyball, 89XD, EV 96.3 MPH)
|
| Top of the 9th over - 0 runs, 0 hits, 0 errors, 0 left on base; University of Illinois 3 - University of California 4 |
|